 Dungeon Crawl Stone Soup version 0.23.2-11-gf996548c65 (webtiles) character file.

Game seed: 6676494265556036817

246 Nattfarinn the Jinx (level 5, -9/35 HPs)
             Began as a Vampire Enchanter on June 5, 2019.
             Mangled by Pikel
             ... wielding a +0 whip of flaming
              (10 damage)
             ... on level 3 of the Dungeon.
             The game lasted 00:09:42 (7929 turns).

Nattfarinn the Jinx (Vampire Enchanter)             Turns: 7929, Time: 00:09:43

Health: -9/35      AC:  3    Str:  5 (7)  XL:     5   Next: 84%
Magic:  8/8        EV: 13    Int: 16 (18) God:
Gold:   150        SH:  0    Dex: 18 (19) Spells: 2/8 levels left

rFire    + . .     SeeInvis +   a - +1 dagger
rCold    + + +     Gourm    .   (no shield)
rNeg     + + +     Faith    .   b - +0 robe
rPois    ∞         Spirit   .   (helmet restricted)
rElec    +         Reflect  .   (no cloak)
rCorr    +         Harm     .   (no gloves)
MR       .....                  (no boots)
Stlth    ++++......             (no amulet)
HPRegen  0.00/turn              j - +4 ring of dexterity
MPRegen  0.11/turn              (no ring)

@: confused, resistant, flying, bloodless, non-regenerating
A: antennae 1, fangs 3, see invisible, shaggy fur 1, unbreathing
a: Bat Form


You were on level 3 of the Dungeon.
You were bloodless.

You visited 1 branch of the dungeon, and saw 4 of its levels.

You collected 150 gold pieces.

Inventory:

Hand Weapons
 a - a +1 dagger (weapon)
Missiles
 f - 3 javelins (quivered)
Armour
 b - a +0 robe (worn)
Jewellery
 j - a +4 ring of dexterity (left hand)
 p - an uncursed ring of flight
Scrolls
 d - 2 scrolls of identify {unknown}
 g - 4 scrolls of remove curse {unknown}
 h - 2 scrolls of fear {unknown}
 l - 2 scrolls of enchant armour {unknown}
 n - a scroll of enchant weapon {unknown}
Potions
 i - a potion of mutation
 q - 3 potions of blood


   Skills:
 - Level 1.1 Short Blades
 - Level 2.1 Dodging
 + Level 6.8 Stealth
 - Level 2.0 Spellcasting
 * Level 8.3 Hexes


You had 2 spell levels left.
You knew the following spells:

 Your Spells              Type           Power        Failure   Level  Hunger
a - Corona                Hex            ####...      1%          1    #......
b - Ensorcelled Hibernat  Hex/Ice        ##....       6%          2    ###....
c - Confuse               Hex            ####....     1%          3    ###....

Your spell library contained the following spells:

 Spells                   Type           Power        Failure   Level  Hunger
 Tukima's Dance           Hex            ####....     1%          3    ###....
 Dazzling Spray           Conj/Hex       ##....       12%         3    ###....


Dungeon Overview and Level Annotations

Branches:
Dungeon (4/15)
 Temple: D:4-7

Altars:
Xom

Annotations:
D:3 Pikel


Innate Abilities, Weirdness & Mutations

You do not heal naturally.
You are immune to poison.
You have razor-sharp teeth.
You have supernaturally acute eyesight. (SInv)
You can survive without breathing.
You have a pair of small antennae on your head.
You are covered in fur. (AC +1)


Message History

It was a potion of lignification.
You feel woody for a moment. The slave hits you.
* * * LOW HITPOINT WARNING * * *
Pikel hits you with a +0 whip of flaming.
* * * LOW HITPOINT WARNING * * *
It was a potion of degeneration.
There was something very wrong with that liquid.
You feel weakened.
You feel dopey.
You feel clumsy. The slave barely misses you.
Pikel says, "I'm sure they'll be treated well, anyway."
Pikel barely misses you.
You're too confused!
You're too confused to move!
The slave hits you.
* * * LOW HITPOINT WARNING * * *
Pikel closely misses you.
You bump into the rock wall.
The slave closely misses you.
Pikel zaps a wand.
Your will is overpowered!
You are more confused.
You closely miss Pikel. The slave completely misses you.
Pikel hits you with a +0 whip of flaming!
You die...

.#.#### #.)....#
.#....########....#
.####......###....#
...........##.....#
###...............#
###.......##....#
#.......##....#
#..........#### ###
##.....###.p@# ..#
#.....# ###K# ..#
#.....# #.# ..#
#.....# #.# =.#
###.### #.# ..# #.#
#.# ..# #.# #.# ..#
#.## #.# #### #..#
#.#


You could see Pikel and a slave.

Vanquished Creatures
  A centaur skeleton (D:4)
  A gnoll (D:2)
  12 adders
  2 worms
  5 dart slugs
  3 leopard geckos (D:3)
  3 orcs
  A ball python (D:1)
  5 giant cockroaches
  8 goblins
  5 hobgoblins
  6 jackals (D:2)
  9 kobolds
  A quokka (D:2)
  11 bats
  4 frilled lizards
  A leopard gecko skeleton (D:4)
  8 rats
86 creatures vanquished.

Notes
Turn   | Place    | Note
-------+----------+-------------------------------------------
     0 | D:1      | Nattfarinn the Vampire Enchanter began the quest for the
                  | Orb.
     0 | D:1      | Reached XP level 1. HP: 13/13 MP: 3/3
   298 | D:1      | Found a shimmering altar of Xom.
   344 | D:1      | Reached skill level 5 in Hexes
   347 | D:1      | Reached XP level 2. HP: 14/19 MP: 5/5
   726 | D:1      | Reached skill level 5 in Stealth
  1046 | D:1      | Learned a level 2 spell: Ensorcelled Hibernation
  1215 | D:2      | Reached XP level 3. HP: 19/24 MP: 6/6
  1638 | D:2      | Reached skill level 6 in Hexes
  2202 | D:2      | Reached XP level 4. HP: 30/30 MP: 7/7
  2337 | D:2      | Gained mutation: You are covered in fur. (AC +1) [potion of
                  | mutation]
  2337 | D:2      | Gained mutation: You have a pair of small antennae on your
                  | head. [potion of mutation]
  2421 | D:2      | Reached skill level 7 in Hexes
  2706 | D:2      | Reached XP level 5. HP: 35/35 MP: 8/8
  2778 | D:2      | Learned a level 3 spell: Confuse
  5850 | D:3      | Reached skill level 8 in Hexes
  6421 | D:3      | Found a faded altar of an unknown god.
  7910 | D:4      | Noticed Pikel
  7910 | D:4      | Noticed a slave
  7910 | D:4      | Noticed a slave
  7910 | D:4      | Noticed a slave
  7910 | D:4      | Noticed a slave
  7927 | D:3      | HP: 1/35 [slave[Pikel] (6)]
  7929 | D:3      | Mangled by Pikel

Skill      XL: |  1  2  3  4  5 |
---------------+----------------+-----
Hexes          | 5 6 7 8 |  8.3
Stealth        | 5 6 |  6.8
Short Blades   | |  1.1
Dodging        | |  2.1
Spellcasting   | |  2.0

Action                   |  1- 3 |  4- 6 || total
-------------------------+-------+-------++-------
Melee: Dagger            |   142 |   198 ||   340
       Bite              |    11 |    13 ||    24
 Cast: Corona            |     1 |       ||     1
       Ensorcelled Hiber |     2 |     3 ||     5
  Use: Potion            |     1 |    16 ||    17
 Stab: Sleeping          |    10 |    25 ||    35
Armor: Robe              |    34 |    33 ||    67
Dodge: Dodged            |    86 |   107 ||   193
